 Dungeon Crawl Stone Soup version 0.31.0-9-g3a7656b989 (webtiles) character file.

Game seed: 11140189903300322147

322 qw the Skirmisher (level 6, 0/35 HPs)
             Began as a Deep Elf Hunter on Feb 2, 2024.
             Incinerated by a bombardier beetle (4 damage)
             ... with a burning spray
             ... on level 4 of the Dungeon.
             The game lasted 00:00:25 (2384 turns).

qw the Skirmisher (Deep Elf Hunter)                 Turns: 2384, Time: 00:00:27

Health: 0/35       AC:  6    Str: 10    XL:     6   Next: 22%
Magic:  8/8        EV: 11    Int: 14    God:
Gold:   179        SH:  0    Dex: 18    Spells: 5/5 levels left

rFire   . . .        a - +0 shortbow
rCold   + . .        (shield currently unavailable)
rNeg    . . .        b - +0 ring mail
rPois   .            e - +1 hat
rElec   .            (no cloak)
rCorr   .            (no gloves)
SInv    .            (no boots)
Will    .....        g - amulet of regeneration
Stlth   +            h - ring of protection from cold
HPRegen 1.05/turn    (no ring)
MPRegen 0.11/turn

%: no passive effects
@: on fire, glowing
A: no striking features
a: no special abilities


You were on level 4 of the Dungeon.
You visited 1 branch of the dungeon, and saw 4 of its levels.

You collected 179 gold pieces.


   Skills:
 - Level 2.0 Fighting
 + Level 9.7 Ranged Weapons
 - Level 2.4 Dodging
 - Level 1.2 Stealth


You had 5 spell levels left.
You didn't know any spells.
Your spell library was empty.

Inventory:

Hand Weapons
 a - a +0 shortbow (weapon)
Armour
 b - a +0 ring mail (worn)
 e - a +1 hat (worn)
Jewellery
 g - an amulet of regeneration (around neck)
 h - a ring of protection from cold (left hand)
Wands
 c - a wand of digging (7)
 j - a wand of mindburst (3)
Potions
 d - a potion of curing
 f - a potion of attraction {unknown}
 l - a potion of heal wounds {unknown}

Dungeon Overview and Level Annotations

Branches:
Dungeon (4/15)
 Temple: D:4-7

Altars:
Cheibriados
Sif Muna


Message History

Enter note: You shoot an arrow.
The arrow hits the bombardier beetle.
The bombardier beetle is moderately wounded.
You shoot an arrow. The arrow hits the bombardier beetle.
The bombardier beetle is heavily wounded.
You shoot an arrow.
The arrow hits the bombardier beetle but does no damage.
The bombardier beetle is heavily wounded.
The bombardier beetle bites you.
You shoot an arrow. The arrow hits the bombardier beetle.
The bombardier beetle is severely wounded.
You shoot an arrow. The arrow hits the bombardier beetle.
The bombardier beetle is almost dead.
The bombardier beetle sprays incendiary fluid at you.
The burning spray hits you.
You are covered in liquid fire!
You shoot an arrow. The arrow hits the bombardier beetle.
You kill the bombardier beetle!
The liquid fire burns you!
You are on fire!
The liquid fire burns you!
You are on fire!
The liquid fire burns you!
You are on fire!
The liquid fire burns you!
You are on fire!
The liquid fire burns you!
You are on fire!
The liquid fire burns you!
You are on fire!
The liquid fire burns you!
You are on fire!
The liquid fire burns you!
You are on fire!
The liquid fire burns you!
You are on fire!
The liquid fire burns you!
You are on fire!
The liquid fire burns you!
You die...

.. .#.......... .#
......_.... .#
#.......... .#
#.......... .#
####.....## .#
####.....##
.################.....##
..............>.@.......
.#############.#########
.# ...># .# ......# .#
........# .# ........#
.# ######.## .# #.# .#


There were no monsters in sight!

Vanquished Creatures
  A phantom (D:4)
  A bombardier beetle (D:4)
  Terence (D:2)
  An orc wizard (D:4)
  3 gnolls (D:4)
  3 adders
  4 ribbon worms
  2 dart slugs
  8 orcs
  8 ball pythons
  10 bats
  8 endoplasms
  3 giant cockroaches
  6 goblins
  10 hobgoblins
  7 quokkas
  6 frilled lizards
  5 kobolds
  4 rats
91 creatures vanquished.

Notes
Turn   | Place    | Note
-------+----------+-------------------------------------------
     0 | D:1      | qw the Deep Elf Hunter began the quest for the Orb.
     0 | D:1      | Reached XP level 1. HP: 12/12 MP: 3/3
     0 | D:1      | 0 ||| qw: Version: 0.3-a-155-g5e7d8dd
     0 | D:1      | 0 ||| qw: Game counter: 2865
     0 | D:1      | 0 ||| qw: Melee chars always use a shield: true
     0 | D:1      | 0 ||| qw: God list: Okawaru
     0 | D:1      | 0 ||| qw: Allow faded altars: false
     0 | D:1      | 0 ||| qw: Do Orc after clearing Dungeon:15 true
     0 | D:1      | 0 ||| qw: Do second Lair branch before Depths: true
     0 | D:1      | 0 ||| qw: Lair rune preference: random
     0 | D:1      | 0 ||| qw: Goals: Normal
     0 | D:1      | 0 ||| PLANNING D:1-11
   160 | D:1      | Reached skill level 6 in Ranged Weapons
   160 | D:1      | Reached XP level 2. HP: 16/16 MP: 4/4
   437 | D:1      | Reached XP level 3. HP: 20/20 MP: 5/5
   650 | D:1      | 650 ||| READING 2 scrolls labelled XOIKIE DIOSKOC.
   650 | D:1      | 650 ||| IDENTIFYING 2 clear potions
   651 | D:1      | 651 ||| READING scroll of identify.
   651 | D:1      | 651 ||| IDENTIFYING scroll labelled EJOSOU GECOVUN
   652 | D:1      | 652 ||| READING scroll labelled TOAQ DIANYPRAT.
   653 | D:1      | 653 ||| DROPPING scroll of butterflies.
   732 | D:2      | Reached skill level 7 in Ranged Weapons
   882 | D:2      | Reached XP level 4. HP: 25/25 MP: 6/6
   910 | D:2      | HP: 6/25 [giant cockroach (1)]
   911 | D:2      | 911 ||| READING scroll of teleportation.
  1224 | D:2      | Noticed Terence
  1233 | D:2      | Killed Terence
  1234 | D:2      | Reached skill level 8 in Ranged Weapons
  1259 | D:2      | 1259 ||| UPGRADING to +0 ring mail.
  1269 | D:2      | 1269 ||| DROPPING +0 leather armour.
  1270 | D:2      | 1270 ||| UPGRADING to +1 hat.
  1275 | D:2      | 1275 ||| UPGRADING to amulet of regeneration.
  1296 | D:3      | Found a shimmering blue altar of Sif Muna.
  1702 | D:3      | Reached XP level 5. HP: 29/29 MP: 7/7
  1953 | D:3      | 1953 ||| UPGRADING to ring of protection from cold.
  1954 | D:3      | 1954 ||| READING scroll of identify.
  1954 | D:3      | 1954 ||| IDENTIFYING orange potion
  1955 | D:3      | 1955 ||| READING scroll labelled XODAWN KITEVVYA.
  1956 | D:3      | 1956 ||| READING scroll labelled PETTUU NAH VEE.
  1957 | D:3      | 1957 ||| READING scroll labelled TUWKUI DESHRO.
  1958 | D:3      | 1958 ||| DROPPING potion of ambrosia.
  1960 | D:3      | 1960 ||| Stepping ~*~*~tactically~*~*~ (cloud).
  2070 | D:4      | 2070 ||| FLEEEEING.
  2071 | D:4      | 2071 ||| FLEEEEING.
  2072 | D:4      | 2072 ||| FLEEEEING.
  2273 | D:4      | Reached skill level 9 in Ranged Weapons
  2327 | D:4      | 2327 ||| DRINKING 2 potions of curing.
  2327 | D:4      | 2327 ||| (to cure poison)
  2336 | D:4      | Noticed a phantom
  2337 | D:4      | 2337 ||| ZAPPING wand of mindburst (6) at -1,5 (phantom;
                  | floor).
  2338 | D:4      | 2338 ||| ZAPPING wand of mindburst (5) at -1,4 (phantom;
                  | floor).
  2339 | D:4      | 2339 ||| ZAPPING wand of mindburst (4) at -1,3 (phantom;
                  | floor).
  2339 | D:4      | Killed a phantom
  2340 | D:4      | Reached XP level 6. HP: 35/35 MP: 8/8
  2362 | D:4      | Found a snail-covered altar of Cheibriados.
  2381 | D:4      | HP: 8/35 [burnt (4)]
  2383 | D:4      | HP: 3/35 [burnt (5)]
  2384 | D:4      | Incinerated by a bombardier beetle

Levels and vault maps discovered:
D:1:      wander_arrival_peaceful_grave, layout_loops_cross
D:2:      layout_basic, kennysheep_generic_room_4, uniq_terence
D:3:      layout_loops_ring, overflow_temple_1_default, kennysheep_path_1,
          minmay_quantized
D:4:      layout_basic, nicolae_ru_the_path_less_chosen, slow_altar_1,
          kennysheep_generic_room_12

Skill      XL: |  1  2  3  4  5 |
---------------+----------------+-----
Ranged Weapons | 6 7 8 9 |  9.7
Fighting       | 2 |  2.0
Dodging        | |  2.4
Stealth        | |  1.2

Action                     |  1- 3 |  4- 6 || total
---------------------------+-------+-------++-------
   Fire: Shortbow          |   124 |   163 ||   287
  Evoke: Wand              |       |     3 ||     3
    Use: Scroll            |     3 |     5 ||     8
         Potion            |       |     1 ||     1
 Armour: Leather armour    |    14 |    10 ||    24
         Ring mail         |       |    41 ||    41
  Dodge: Dodged            |    22 |    49 ||    71

Table legend:
 A = Non-vault XP
 B = Vault XP
 C = Vault XP percentage of total XP
 D = Non-vault monster count
 E = Vault monster count
 F = Vault count percentage of total count
                 A         B        C        D         E       F
            +---------+---------+-------+---------+---------+-------
      Total |     370 |      90 |  19.6 |      84 |       7 |   7.7
            +---------+---------+-------+---------+---------+-------
        D:1 |      53 |       0 |   0.0 |      29 |       0 |   0.0
        D:2 |      75 |      38 |  33.6 |      26 |       2 |   7.1
        D:3 |      25 |      10 |  28.6 |      13 |       4 |  23.5
        D:4 |     217 |      42 |  16.2 |      16 |       1 |   5.9
            +---------+---------+-------+---------+---------+-------
